 Dungeon Crawl Stone Soup version 0.30-a0-782-ge64f9170bb (webtiles) character file.

Game seed: 15888023352935630787

35 Leeroy the Insei (level 3, -12/23 HPs)
             Began as an Octopode Transmuter on Feb 23, 2023.
             Mangled by a gnoll
             ... wielding a +0 halberd
              (16 damage)
             ... on level 2 of the Dungeon.
             The game lasted 00:00:55 (999 turns).

Leeroy the Insei (Octopode Transmuter)               Turns: 999, Time: 00:00:56

Health: -12/23     AC:  1    Str:  9    XL:     3   Next: 33%
Magic:  6/6        EV: 10    Int: 17    God:
Gold:   83         SH:  0    Dex: 12    Spells: 5/6 levels left

rFire   . . .      SeeInvis .      - Unarmed
rCold   . . .      Faith    .    (no shield)
rNeg    . . .      Spirit   .    (helmet restricted)
rPois   .          Reflect  .    (no amulet)
rElec   .          Harm     .    (no ring)
rCorr   .          Rampage  .    (no ring)
Will    .....                    (no ring)
Stlth   ++                       (no ring)
HPRegen 0.23/turn                (no ring)
MPRegen 0.10/turn                (no ring)
                                 (no ring)
                                 (no ring)

@: constricted
A: almost no armour, amphibious, 8 rings, camouflage 1, gelatinous body 1,
(nimble swimmer 1), tentacles
a: no special abilities


You were on level 2 of the Dungeon.
You visited 1 branch of the dungeon, and saw 2 of its levels.

You collected 83 gold pieces.

Inventory:

Missiles
 g - 2 poisoned darts
Scrolls
 d - a scroll of noise
 f - a scroll of enchant armour {unknown}
 j - a scroll of blinking {unknown}
 k - a scroll of teleportation {unknown}
Potions
 a - 2 potions of lignification
 e - a potion of curing {unknown}
 h - a potion of degeneration {unknown}
 i - a potion of might {unknown}


   Skills:
 - Level 1.0 Fighting
 - Level 2.0 Dodging
 * Level 4.3 Unarmed Combat
 - Level 2.0 Spellcasting
 - Level 2.0 Transmutations


You had 5 spell levels left.
You knew the following spells:

 Your Spells              Type           Power      Damage    Failure   Level
a - Beastly Appendage     Tmut           16%        N/A       9%          1

Your spell library contained the following spells:

 Spells                   Type           Power      Damage    Failure   Level
 Wereblood                Tmut           8%         N/A       13%         2
 Spider Form              Tmut/Pois      5%         N/A       36%         3
 Stone Arrow              Conj/Erth      2%         3d7       50%         3
 Ice Form                 Ice/Tmut       5%         N/A       77%         4
 Lehudib's Crystal Spear  Conj/Erth      0%         10d2      100%        8
 Animate Armour           Summ/Erth      Unusable   N/A       N/A         4

Dungeon Overview and Level Annotations

Branches:
Dungeon (2/15)

Altars:


Innate Abilities, Weirdness & Mutations

You cannot wear most types of armour.
You are amphibious.
You can wear up to eight rings at the same time.
Your skin changes colour to match your surroundings (Stealth+).
Your rubbery body absorbs attacks. (AC +1, EV +1)
((You are camouflaged when in or above water. (Stealth+)))
You have tentacles for arms and can constrict up to eight enemies at once.


Message History

The frilled lizard attacks as you move away!
The frilled lizard misses you.
A goblin comes into view. It is wielding a +0 club.
The goblin shouts!
You hear an angry hiss.
A gnoll comes into view. It is wielding a +0 spear.
A ball python comes into view.
The gnoll moves out of view.
Found a stone staircase leading down.
A gnoll comes into view. It is wielding a +0 spear.
A gnoll comes into view. It is wielding a +0 whip.
The goblin closely misses you.
You closely miss the goblin.
The gnoll shouts! x2
Your grab misses the goblin. The frilled lizard closely misses you.
The gnoll barely misses you. The goblin hits you but does no damage.
You closely miss the goblin. Your grab misses the goblin.
The frilled lizard misses you. The gnoll closely misses you.
The goblin barely misses you.
You tentacle-slap the goblin.
You kill the goblin!
The frilled lizard closely misses you.
The gnoll hits you from afar with a +0 halberd!
The ball python bites you. The ball python barely misses you.
As you read the scroll labelled NEACZUENNA, it crumbles to dust.
It is a scroll of brand weapon.
You aren't carrying any weapons that can be branded.
The frilled lizard bites you.
* * * LOW HITPOINT WARNING * * *
The gnoll misses you. The gnoll barely misses you.
The ball python barely misses you. The ball python grabs you.
The ball python constricts you.
* * * LOW HITPOINT WARNING * * *
As you read the scroll labelled PIKICS AWATYEWEI, it crumbles to dust.
It is a scroll of identify.
d - a scroll of noise The frilled lizard completely misses you.
The gnoll closely misses you.
The gnoll hits you from afar with a +0 halberd!
Ouch! That really hurt!
You die...

. #. .... .. #.
#.... ... .. ......
.... ..###......
...>. ..........
.....g######........
.....gS@lggSg<....#
....g#######......#
... #......###### .
###..g.........
#...........###
#...........#
#...........###
#..............
#########......


You could see 6 gnolls, an adder, a ball python and a frilled lizard.

Vanquished Creatures
  An adder (D:2)
  3 endoplasms
  A giant cockroach (D:1)
  2 goblins
  3 hobgoblins
  3 jackals (D:2)
  3 ball pythons
  2 bats
  A frilled lizard (D:1)
  2 kobolds (D:1)
  3 rats
24 creatures vanquished.

Notes
Turn   | Place    | Note
-------+----------+-------------------------------------------
     0 | D:1      | Leeroy the Octopode Transmuter began the quest for the Orb.
     0 | D:1      | Reached XP level 1. HP: 13/13 MP: 3/3
   304 | D:1      | Reached XP level 2. HP: 17/18 MP: 3/5
   867 | D:2      | Reached skill level 4 in Unarmed Combat
   957 | D:2      | Reached XP level 3. HP: 20/23 MP: 6/6
   999 | D:2      | Mangled by a gnoll

Illustrated notes

Levels and vault maps discovered:
D:1:      lightli_arrival_maybe_door_vault, layout_loops_cross,
          hangedman_decor_slide_cut
D:2:      minmay_chambers_of_twos, layout_basic, uniq_robin

Skill      XL: |  1  2 |
---------------+-------+-----
Unarmed Combat | 4 |  4.3
Fighting       | |  1.0
Dodging        | |  2.0
Spellcasting   | |  2.0
Transmutations | |  2.0

Action                     || total
---------------------------++-------
  Melee: Unarmed           ||    55
         Constrict         ||    12
         Kick              ||     5
         Tentacles         ||     5
   Cast: Beastly Appendage ||     6
    Use: Scroll            ||     2
   Stab: Sleeping          ||     7
 Armour: Skin              ||     1
  Dodge: Dodged            ||    53

Table legend: (Time is in decaauts)
 A = Elapsed time spent in this place.
 B = Non-inter-level travel time spent in this place.
 C = Inter-level travel time spent in this place.
 D = Time resting spent in this place.
 E = Time spent auto-exploring this place.
 F = Levels seen in this place.
 G = Mean time per level.
                   A        B        C        D        E       F      G
               +--------+--------+--------+--------+--------+-----+--------+
         Total |    995 |    995 |      0 |      0 |    811 |   2 |  497.5 |
       Dungeon |    995 |    995 |      0 |      0 |    811 |   2 |  497.5 |
               +--------+--------+--------+--------+--------+-----+--------+

Top non-repeatable levels by time:
     D:1: 789 daAuts
     D:2: 206 daAuts
